 Dungeon Crawl Stone Soup version 0.29-b1-11-g2030932060 (webtiles) character file.

Game seed: 6338378571687823671

30 funkygono the Firebug (level 3, -3/19 HPs)
             Began as a Gargoyle Fire Elementalist on Aug 23, 2022.
             Killed from afar by Sigmund (8 damage)
             ... with a puff of flame
             ... on level 2 of the Dungeon.
             The game lasted 00:01:52 (1033 turns).

funkygono the Firebug (Gargoyle Fire Elementalist)  Turns: 1033, Time: 00:01:52

Health: -3/19      AC:  6    Str: 11    XL:     3   Next: 20%
Magic:  2/6        EV: 11    Int: 17    God:
Gold:   37         SH:  0    Dex: 10    Spells: 0/6 levels left

rFire   . . .      SeeInvis .   f - +0 short sword
rCold   . . .      Faith    .   (no shield)
rNeg    + . .      Spirit   .   l - +0 leather armour
rPois   ∞          Reflect  .   (no helmet)
rElec   +          Harm     .   (no cloak)
rCorr   +          Rampage  .   (no gloves)
Will    .....                   (no boots)
Stlth   ++........              (no amulet)
HPRegen 0.06/turn               j - ring of resist corrosion
MPRegen 0.10/turn               (no ring)

@: no status effects
A: sickness immunity, AC +3, negative energy resistance 1, electricity
resistance, torment resistance 1, petrification resistance
a: no special abilities


You were on level 2 of the Dungeon.
You visited 1 branch of the dungeon, and saw 2 of its levels.

You collected 37 gold pieces.

Inventory:

Hand Weapons
 f - a +0 short sword (weapon)
Armour
 a - a +0 robe
 l - a +0 leather armour (worn)
Jewellery
 j - a ring of resist corrosion (left hand)
Scrolls
 c - a scroll of vulnerability {unknown}
 d - a scroll of enchant weapon {unknown}
 i - 4 scrolls of identify {unknown}
 k - a scroll of acquirement {unknown}
 m - a scroll of poison {unknown}
Potions
 b - a potion of magic
 e - a potion of heal wounds {unknown}
 g - 2 potions of curing {unknown}
 h - a potion of invisibility {unknown}


   Skills:
 + Level 1.7 Dodging
 + Level 2.3 Stealth
 + Level 2.3 Spellcasting
 + Level 1.2 Conjurations
 + Level 3.7 Fire Magic


You couldn't memorise any spells.
You knew the following spells:

 Your Spells              Type           Power      Damage    Failure   Level
a - Foxfire               Conj/Fire      40%        2x1d6     9%          1
b - Scorch                Fire           28%        2d6       8%          2
c - Conjure Flame         Conj/Fire      10%        6-21      26%         3

Your spell library contained the following spells:

 Spells                   Type           Power      Damage    Failure   Level
 Shock                    Conj/Air       16%        1d4       19%         1
 Inner Flame              Hex/Fire       8%         N/A       34%         3
 Ignite Poison            Fire/Tmut/Pois 6%         N/A       41%         3
 Mephitic Cloud           Conj/Pois/Air  3%         N/A       54%         3
 Swiftness                Air            1%         N/A       58%         3
 Flame Wave               Conj/Fire      10%        2d6       65%         4
 Airstrike                Air            0%         2d(1-17)  94%         4
 Freezing Cloud           Conj/Ice/Air   1%         6-21      99%         5


Dungeon Overview and Level Annotations

Branches:
Dungeon (2/15)

Altars:

Annotations:
D:2 Sigmund


Innate Abilities, Weirdness & Mutations

You are immune to sickness and miasma.
Your stone body is resilient. (AC +3)
You are immune to poison.
You resist negative energy. (rN+)
You are resistant to electric shocks. (rElec)
You are resistant to unholy torment.
You are immune to petrification.


Message History

Sigmund gestures wildly while chanting.
Sigmund flickers and vanishes!
Deactivating autopickup; reactivate with Ctrl-A.
Casting: Foxfire (safe; 9% risk of failure)
Confirm with . or Enter, or press ? or * to list all spells.
You conjure some foxfire!
A magic dart appears from out of thin air!
The magic dart hits you.
Casting: Foxfire (safe; 9% risk of failure)
Confirm with . or Enter, or press ? or * to list all spells.
You don't know that spell.
Sorry, you're not good enough to have a special ability.
Unknown command.
Casting: Foxfire (safe; 9% risk of failure)
Confirm with . or Enter, or press ? or * to list all spells.
You conjure some foxfire!
Unknown command.
Casting: Foxfire (safe; 9% risk of failure)
Confirm with . or Enter, or press ? or * to list all spells.
You conjure some foxfire!
The foxfire hits something. x2
Unknown command.
Casting: Foxfire (safe; 9% risk of failure)
Confirm with . or Enter, or press ? or * to list all spells.
You conjure some foxfire!
Your foxfire dissipates!
Unknown command.
The foxfire hits something but does no damage.
The foxfire hits something. x2
Your magical contamination has completely faded away.
You hear some strange, mumbled words.
You are confused.
You bump into the rock wall.
Something hits you!
Ouch! That really hurt!
You bump into the rock wall.
You feel less confused. Something hits you.
* * * LOW HITPOINT WARNING * * *
A puff of flame appears from out of thin air!
The puff of flame hits you!
You die...

#........# #.###
#[.......# #...
#........########.#
##.##.............#
#.##..########..##
#.###.######.....#
#.# #..#..{..###.#
#.# ##.#.##### ...
#.####.@.##...
###..
#.............# ##
#.....####.....
#..[.## #..)#
#....# ...# #..[.#
### #....# #(...#
#..>.#


There were no monsters in sight!

Vanquished Creatures
  A dart slug (D:1)
  2 endoplasms (D:1)
  3 giant cockroaches
  3 goblins
  5 hobgoblins (D:1)
  A kobold (D:2)
  2 ball pythons (D:1)
  2 bats
  3 frilled lizards
  3 rats
25 creatures vanquished.

Vanquished Creatures (others)
  69 foxfires
69 creatures vanquished.

Grand Total: 94 creatures vanquished

Notes
Turn   | Place    | Note
-------+----------+-------------------------------------------
     0 | D:1      | funkygono the Gargoyle Fire Elementalist began the quest
                  | for the Orb.
     0 | D:1      | Reached XP level 1. HP: 10/10 MP: 3/3
    87 | D:1      | Reached XP level 2. HP: 15/15 MP: 0/5
    90 | D:1      | Learned a level 2 spell: Scorch
   422 | D:1      | Found a faded altar of an unknown god.
   787 | D:2      | Reached XP level 3. HP: 19/19 MP: 3/6
   794 | D:2      | Learned a level 3 spell: Conjure Flame
  1014 | D:2      | Noticed Sigmund
  1033 | D:2      | Killed from afar by Sigmund

Illustrated notes

Levels and vault maps discovered:
D:1:      lemuel_arrival_cross, layout_rooms,
          shapermc_ecumenical_altar_mp_ritualfount, st_stairs_11
D:2:      layout_rooms, uniq_sigmund, uniq_terence

Action                   || total
-------------------------++-------
Melee: Unarmed           ||     3
       Short sword       ||     3
 Cast: Foxfire           ||    37
Armor: Robe              ||     1
Dodge: Dodged            ||     6
